 Dungeon Crawl Stone Soup version bcrawl-1.17.3 (webtiles) character file.

Game seed: 7006935348186687007

91 Chiseanne the Ducker (level 4, -5/35 HPs)
             Began as a Mummy Archaeologist on Oct 25, 2019.
             Slain by a gnoll
             ... wielding a +0 flail
              (7 damage)
             ... on level 2 of the Dungeon.
             The game lasted 00:03:32 (1911 turns).

Chiseanne the Ducker (Mummy Archaeologist)          Turns: 1911, Time: 00:03:33

Health: -5/35      AC:  9    Str: 14    XL:     4   Next: 33%
Magic:  4/4        EV: 10    Int: 14    God:
Gold:   119        SH:  0    Dex: 10    Spells: 3/3 levels left

rFire    . . .     SeeInvis .   a - +1 mace
rCold    . . .     Gourm    .   (no shield)
rNeg     + + +     Faith    .   n - +0 scale mail
rPois    ∞         Spirit   .   m - +0 helmet
rElec    .         Reflect  .   (no cloak)
rCorr    +         Harm     .   (no gloves)
MR       .....     Clarity  +   d - +1 pair of boots
Stlth    +.........             (no amulet)
HPRegen  0.11/turn              o - ring of fire
MPRegen  0.09/turn              l - ring of resist corrosion

@: studying Dodging
A: no food or potions, fire vulnerability, clarity, cold resistance 1, negative
energy resistance 3, torment resistance, unbreathing
a: no special abilities


You were on level 2 of the Dungeon.
You were not hungry.

You visited 1 branch of the dungeon, and saw 2 of its levels.

You collected 119 gold pieces.

Inventory:

Hand Weapons
 a - a +1 mace (weapon)
Missiles
 b - 187 stones (quivered)
 i - 241 poisoned needles
 j - 99 bolts
 q - 328 arrows
Armour
 d - a +1 pair of boots (worn)
 m - a +0 helmet (worn)
 n - a +0 scale mail (worn)
Jewellery
 g - an uncursed ring of flight
 l - a ring of resist corrosion (right hand)
 o - a ring of fire (left hand)
 p - an uncursed ring of insulation {unknown}
Scrolls
 c - 2 scrolls of enchant weapon
 h - 3 scrolls of identify
 k - a scroll of remove curse
Books
 e - a manual of Dodging
Miscellaneous
 f - an ancient crate


   Skills:
 - Level 3.0 Fighting
 - Level 0.7 Maces & Flails
 + Level 4.3 Dodging
 - Level 2.6 Stealth


You had 3 spell levels left.
You didn't know any spells.
Your spell library was empty.

Dungeon Overview and Level Annotations

Branches:
Dungeon (2/12)

Altars:


Innate Abilities, Weirdness & Mutations

You do not eat or drink.
Your flesh is vulnerable to fire.
You are immune to poison.
You possess an exceptional clarity of mind.
Your flesh is cold resistant. (rC+)
You are immune to negative energy. (rN+++)
You are immune to unholy pain and torment.
You can survive without breathing.


Message History

The gnoll barely misses you.
You closely miss the gnoll.
The gnoll is moderately wounded.
The gnoll hits you with a +0 flail.
You barely miss the gnoll.
The gnoll is moderately wounded.
The gnoll closely misses you.
You barely miss the gnoll.
The gnoll is moderately wounded.
The gnoll hits you with a +0 flail.
* * * LOW HITPOINT WARNING * * *
The gnoll hits you with a +0 flail!
* * * LOW HITPOINT WARNING * * *
You barely miss the gnoll.
The gnoll is moderately wounded.
The gnoll barely misses you.
You closely miss the gnoll.
The gnoll is moderately wounded.
The gnoll hits you with a +0 flail!
You die...

#........#+####.# #..#.#
#.....#.# .....# #.....#.#
#..#### #...).#.# ......#
#.....#.# ...##.# #.....#.#
......# +.......#
......###.....##########
...#.......)....@g......
....#######################
..>.##### #...........#
#.......# ###.#########!#
#.......# #........# #.#
#.....^.# #.#.####.# #.#
#.......# #.#.####.# #.#
#.......# #.#......# #.#
#.......# #.#..########.#


You could see a gnoll.

Vanquished Creatures
  Robin (D:2)
  2 gnolls (D:2)
  An ooze (D:1)
  A dart slug (D:1)
  2 leopard geckos (D:1)
  3 giant cockroaches
  11 goblins
  7 hobgoblins
  5 kobolds
  A quokka (D:1)
  4 bats
  3 frilled lizards
  10 rats
51 creatures vanquished.

Notes
Turn   | Place    | Note
-------+----------+-------------------------------------------
     0 | D:1      | Chiseanne the Mummy Archaeologist began the quest for the
                  | Orb.
     0 | D:1      | Reached XP level 1. HP: 15/15 MP: 1/1
   342 | D:1      | Reached XP level 2. HP: 20/22 MP: 2/2
   805 | D:1      | Reached XP level 3. HP: 23/29 MP: 3/3
  1365 | D:2      | Noticed Robin
  1367 | D:2      | Reached skill level 3 in Dodging
  1390 | D:2      | Killed Robin
  1786 | D:2      | Reached XP level 4. HP: 35/35 MP: 4/4
  1901 | D:2      | Reached skill level 4 in Dodging
  1911 | D:2      | Slain by a gnoll

Skill      XL: |  1  2  3  4 |
---------------+-------------+-----
Fighting       | 2 3 |  3.0
Dodging        | 3 4 |  4.3
Maces & Flails | |  0.7
Stealth        | |  2.6

Action                   |  1- 3 |  4- 6 || total
-------------------------+-------+-------++-------
Melee: Whip              |    28 |       ||    28
       Mace              |    97 |    27 ||   124
  Use: Scroll            |     5 |       ||     5
 Stab: Sleeping          |     3 |       ||     3
Armor: Robe              |    18 |       ||    18
       Scale mail        |    34 |     9 ||    43
Dodge: Dodged            |    79 |    15 ||    94
